 Dungeon Crawl Stone Soup version 0.19.5 (webtiles) character file.

154 PID the Chopper (level 5, -4/46 HPs)
             Began as a Hill Orc Fighter on Apr 4, 2017.
             Slain by an ice beast (15 damage)
             ... on level 4 of the Dungeon.
             The game lasted 00:21:52 (2739 turns).

PID the Chopper (Hill Orc Fighter)                  Turns: 2739, Time: 00:21:53

Health: -4/46      AC: 10    Str: 20    XL:     5   Next: 36%
Magic:  5/5        EV:  7    Int:  8    God:
Gold:   135        SH: 10    Dex: 10    Spells: 0 memorised, 4 levels left

rFire  + . .     SeeInvis .     a - +1 war axe
rCold  x . .     Gourm    .     b - +0 scale mail
rNeg   . . .     Faith    .     c - +1 shield
rPois  .         Spirit   .     (no helmet)
rElec  .         Reflect  .     (no cloak)
rCorr  .         Harm     .     (no gloves)
MR     .....                    m - +2 pair of boots
Stlth  ..........               (no amulet)
                                s - ring of fire
                                (no ring)

@: no status effects
A: no striking features
a: no special abilities


You were on level 4 of the Dungeon.
You were not hungry.

You visited 1 branch of the dungeon, and saw 4 of its levels.

You collected 135 gold pieces.

Inventory:

Hand Weapons
 a - a +1 war axe (weapon)
Armour
 b - a +0 scale mail (worn)
 c - a +1 shield (worn)
 m - a +2 pair of boots (worn)
Jewellery
 s - a ring of fire (right hand)
Scrolls
 i - 2 scrolls of teleportation
 j - 2 scrolls of identify
 k - a scroll of amnesia
 o - a scroll of recharging
 p - a scroll of enchant armour
 q - a scroll of enchant weapon
 t - a scroll of fog {unknown}
 u - a scroll of blinking {unknown}
Potions
 e - a potion of invisibility
 g - a potion of flight {unknown}
 h - a potion of lignification {unknown}
 l - a potion of mutation {unknown}
 r - 3 potions of heal wounds {unknown}
Comestibles
 d - a meat ration
 f - a bread ration


   Skills:
 * Level 3.9 Fighting
 * Level 4.9 Axes
 * Level 3.8 Armour
 + Level 0.7 Dodging
 - Level 0.1 Stealth
 * Level 4.5 Shields


You had 4 spell levels left.
You didn't know any spells.

Dungeon Overview and Level Annotations

Branches:
Dungeon (4/15)
 Temple: D:4-7

Altars:


Message History

You block the ice beast's attack.
The ice beast hits you but does no damage.
You hit the ice beast but do no damage.
The ice beast is lightly wounded.
The ice beast barely misses you.
You hit the ice beast.
The ice beast is moderately wounded.
The ice beast hits you. The ice beast freezes you!
You feel a terrible chill!
You closely miss the ice beast.
The ice beast is moderately wounded.
The ice beast hits you but does no damage.
The ice beast hits you. The ice beast freezes you!!
You feel a terrible chill!
* * * LOW HITPOINT WARNING * * *
Found a bread ration.
There is a stone staircase leading up here.
You can't go down here!
The ice beast hits you.
* * * LOW HITPOINT WARNING * * *
The ice beast freezes you!
You feel a terrible chill!
You die...

#........#
#........#
#........#
#........#
#........#
#........#
#........#
#########...@....#
#............Y....#
#.................#
#.................#
#.................#
#.................#
#%........#########
#.........#
#.........#


You could see an ice beast.

Vanquished Creatures
  4 gnolls (D:3)
  4 adders
  A shadow imp (D:3)
  An ooze (D:1)
  2 dart slugs
  A leopard gecko (D:2)
  8 orcs (D:3)
  3 giant cockroaches
  5 goblins
  5 hobgoblins
  2 jackals (D:2)
  A quokka (D:3)
  7 bats
  4 frilled lizards (D:3)
  5 kobolds
  A leopard gecko skeleton (D:4)
  5 rats
59 creatures vanquished.

Notes
Turn   | Place    | Note
-------+----------+-------------------------------------------
     0 | D:1      | PID the Hill Orc Fighter began the quest for the Orb.
     0 | D:1      | Reached XP level 1. HP: 19/19 MP: 1/1
    71 | D:1      | Reached XP level 2. HP: 17/27 MP: 2/2
   863 | D:2      | Reached XP level 3. HP: 33/33 MP: 3/3
  1776 | D:3      | Reached XP level 4. HP: 40/40 MP: 4/4
  1964 | D:3      | Reached XP level 5. HP: 21/46 MP: 5/5
  2022 | D:3      | Found a faded altar of an unknown god.
  2706 | D:4      | Noticed an ice beast
  2739 | D:4      | Slain by an ice beast

Skill      XL: |  1  2  3  4 |
---------------+-------------+-----
Axes           | 3 4 |  4.9
Shields        | 4 |  4.5
Fighting       | |  3.9
Armour         | |  3.8
Dodging        | |  0.7
Stealth        | |  0.1

Action                   |  1- 3 |  4- 6 || total
-------------------------+-------+-------++-------
Melee: War axe           |   119 |    78 ||   197
  Use: Scroll            |     7 |       ||     7
       Potion            |       |     1 ||     1
  Eat: Chunk             |     3 |     3 ||     6
Armor: Scale mail        |   107 |    35 ||   142
Dodge: Dodged            |    58 |    21 ||    79
Block: Shield            |   108 |    33 ||   141
